 Dungeon Crawl Stone Soup version 0.30-a0-1050-g2766ea1e55 (webtiles) character file.

Game seed: 16194839072250689305

5 Lavandula the Changer (level 1, 0/15 HPs)
             Began as a Merfolk Transmuter on Apr 10, 2023.
             Slain by a kobold
             ... wielding a +0 dagger
              (2 damage)
             ... on level 1 of the Dungeon.
             The game lasted 00:00:24 (184 turns).

Lavandula the Changer (Merfolk Transmuter)           Turns: 184, Time: 00:00:25

Health: 0/15       AC:  2    Str: 10    XL:     1   Next: 80%
Magic:  2/3        EV: 12    Int: 12    God:
Gold:   19         SH:  0    Dex: 14    Spells: 3/4 levels left

rFire   . . .      SeeInvis .      - Unarmed
rCold   . . .      Faith    .    (no shield)
rNeg    . . .      Spirit   .    a - +0 robe
rPois   .          Reflect  .    (helmet currently unavailable)
rElec   .          Rampage  .    (no cloak)
rCorr   .                        (no gloves)
Will    .....                    (boots currently unavailable)
Stlth   +                        (no amulet)
HPRegen 0.22/turn                (no ring)
MPRegen 0.08/turn                (no ring)

@: appendages (expiring)
A: horns 2, (nimble swimmer 2), mertail
a: End Transformation


You were on level 1 of the Dungeon.
You had temporarily grown beastly horns.
You visited 1 branch of the dungeon, and saw 1 of its levels.

You collected 19 gold pieces.

Inventory:

Armour
 a - a +0 robe (worn)
Potions
 b - a potion of lignification
 c - a potion of ambrosia {unknown}


   Skills:
 - Level 1.1 Fighting
 - Level 2.6 Dodging
 - Level 3.2 Unarmed Combat
 - Level 2.0 Spellcasting
 + Level 3.4 Transmutations


You had 3 spell levels left.
You knew the following spells:

 Your Spells              Type           Power      Damage    Failure   Level
a - Beastly Appendage     Tmut           18%        N/A       7%          1

Your spell library contained the following spells:

 Spells                   Type           Power      Damage    Failure   Level
 Wereblood                Tmut           9%         N/A       10%         2
 Spider Form              Tmut/Pois      5%         N/A       38%         3
 Ice Form                 Ice/Tmut       5%         N/A       80%         4


Dungeon Overview and Level Annotations

Branches:
Dungeon (1/15)

Altars:


Innate Abilities, Weirdness & Mutations

You have temporarily grown beastly horns.
((You are very nimble when in or above water. (Stealth+, EV+, Speed+++)))
Your lower body shifts to a powerful aquatic tail in water.


Message History

You see here a bat corpse.
You now have 19 gold pieces (gained 18).
Your horns disappear.
A kobold comes into view. It is wielding a +0 dagger.
The kobold shouts!
The kobold throws a stone.
The stone hits you.
You see here a bubbling silvery potion.
A kobold is nearby!
A kobold is nearby!
A kobold is nearby!
Casting: Beastly Appendage (safe; 7% risk of failure)
Confirm with . or Enter, or press ? or * to list all spells.
You grow a pair of large bovine horns.
The kobold throws a stone.
The stone closely misses you. The kobold hits you with a +0 dagger.
You closely miss the kobold. The kobold barely misses you.
You barely miss the kobold. Your headbutt misses the kobold.
You hit the kobold. Your headbutt misses the kobold.
The kobold is moderately wounded.
The kobold hits you with a +0 dagger.
You barely miss the kobold. Your headbutt misses the kobold.
The kobold is moderately wounded.
The kobold hits you with a +0 dagger.
You are too injured to fight recklessly!
You are too injured to fight recklessly!
You are too injured to fight recklessly!
You closely miss the kobold. Your headbutt misses the kobold.
The kobold is moderately wounded.
The kobold hits you with a +0 dagger.
* * * LOW HITPOINT WARNING * * *
You hit the kobold.
The kobold is severely wounded.
Your transformation is almost over.
The kobold hits you with a +0 dagger.
* * * LOW HITPOINT WARNING * * *
Unknown command.
You hit the kobold but do no damage.
The kobold is severely wounded.
The kobold hits you with a +0 dagger.
You die...

####..........###.######.
#.####..##.# #........
#.# #.....# #.######> #.#
#...#.....# #) #.#
#........## #.
#.####...####.# #.
#......#.# #.# #.
#.#.#.##.####.# #.
#.!..@K....... #.
#.#.#.##.#### #####.
#.....# ....... ###.###
#####.. #.# #..
########.# ##. #........#
#.##### #.#♣#♣#♣.♣
#...... #..#.....#
#######


You could see a kobold.

Vanquished Creatures
  A goblin (D:1)
  A kobold (D:1)
  2 ball pythons (D:1)
  A bat (D:1)
  A frilled lizard (D:1)
6 creatures vanquished.

Notes
Turn   | Place    | Note
-------+----------+-------------------------------------------
     0 | D:1      | Lavandula the Merfolk Transmuter began the quest for the
                  | Orb.
     0 | D:1      | Reached XP level 1. HP: 15/15 MP: 3/3
   184 | D:1      | Slain by a kobold

Illustrated notes

Levels and vault maps discovered:
D:1:      mrwooster_arrival_statue_2, layout_loops_ring, serial_forest,
          infiniplex_forest_lined_room_2, infiniplex_forest_pool,
          infiniplex_forest_straight_2, infiniplex_forest_lined_3,
          infiniplex_forest_end_1, infiniplex_forest_straight_3,
          roderic_serpentine_path

Skill      XL: |  1 |
---------------+----+-----
Transmutations | 3 |  3.4
Fighting       | |  1.1
Dodging        | |  2.6
Unarmed Combat | |  3.2
Spellcasting   | |  2.0

Action                     || total
---------------------------++-------
  Melee: Unarmed           ||    24
         Headbutt          ||     1
   Cast: Beastly Appendage ||     4
  Dodge: Dodged            ||    12

Table legend: (Time is in decaauts)
 A = Elapsed time spent in this place.
 B = Non-inter-level travel time spent in this place.
 C = Inter-level travel time spent in this place.
 D = Time resting spent in this place.
 E = Time spent auto-exploring this place.
 F = Levels seen in this place.
 G = Mean time per level.
                   A        B        C        D        E       F      G
               +--------+--------+--------+--------+--------+-----+--------+
         Total |    182 |    182 |      0 |      0 |    135 |   1 |  182.0 |
       Dungeon |    182 |    182 |      0 |      0 |    135 |   1 |  182.0 |
               +--------+--------+--------+--------+--------+-----+--------+

Top non-repeatable levels by time:
     D:1: 182 daAuts
